 Dungeon Crawl Stone Soup version 0.29-a0-330-g52719c12eb (webtiles) character file.

Game seed: 6582061372952944632

1278 kae the Firebug (level 8, 0/57 HPs)
             Began as a Demigod Fire Elementalist on May 1, 2022.
             Slain by a sky beast (6 damage)
             ... on level 5 of the Dungeon.
             The game lasted 00:03:10 (5882 turns).

kae the Firebug (Demigod Fire Elementalist)         Turns: 5882, Time: 00:03:10

Health: 0/57       AC:  2    Str:  9    XL:     8   Next: 7%
Magic:  19/19      EV: 12    Int: 25    God:
Gold:   239        SH:  0    Dex: 14    Spells: 8/17 levels left

rFire   . . .      SeeInvis .   h - +2 club (spect)
rCold   . . .      Faith    .   (no shield)
rNeg    . . .      Spirit   .   a - +0 robe
rPois   .          Reflect  .   (no helmet)
rElec   .          Harm     .   (no cloak)
rCorr   .          Rampage  .   (no gloves)
Will    .....                   (no boots)
Stlth   ++........              d - amulet of the acrobat
HPRegen 0.19/turn               (no ring)
MPRegen 0.16/turn               (no ring)

@: on berserk cooldown, slowed, very slow
A: high MP 1, forlorn, divine attributes
a: no special abilities


You were on level 5 of the Dungeon.
You visited 1 branch of the dungeon, and saw 5 of its levels.

You collected 239 gold pieces.

Inventory:

Hand Weapons
 f - a +1 short sword
 h - a +2 spectral club (weapon)
Armour
 a - a +0 robe (worn)
Jewellery
 d - an amulet of the acrobat (around neck)
Wands
 b - a wand of iceblast (9)
Scrolls
 e - 3 scrolls of identify
 i - a scroll of teleportation
 k - a scroll of blinking {unknown}
Potions
 c - a potion of brilliance
 l - 2 potions of invisibility {unknown}
 m - a potion of lignification {unknown}
 n - a potion of flight {unknown}


   Skills:
 - Level 1.7 Dodging
 - Level 1.7 Stealth
 + Level 5.1 Spellcasting
 + Level 5.2 Conjurations
 + Level 5.9 Fire Magic


You had 8 spell levels left.
You knew the following spells:

 Your Spells              Type           Power      Damage    Failure   Level
a - Foxfire               Conj/Fire      100%       2x1d9     1%          1
b - Scorch                Fire           72%        2d9       1%          2
c - Conjure Flame         Conj/Fire      34%        6-21      2%          3
d - Inner Flame           Hex/Fire       21%        N/A       7%          3

Your spell library contained the following spells:

 Spells                   Type           Power      Damage    Failure   Level
 Magic Dart               Conj           100%       1d8       1%          1
 Searing Ray              Conj           64%        2d6       1%          2
 Flame Wave               Conj/Fire      34%        2d8       9%          4
 Blink                    Tloc           12%        N/A       12%         2
 Lesser Beckoning         Tloc           6%         N/A       24%         3
 Fulminant Prism          Conj/Hex       9%         3d7       28%         4
 Manifold Assault         Tloc           6%         N/A       92%         5
 Chain Lightning          Conj/Air       9%         3d12      100%        9
 Fire Storm               Conj/Fire      17%        8d4       100%        9
 Shatter                  Erth           3%         3d7*      100%        9


Dungeon Overview and Level Annotations

Branches:
Dungeon (5/15)
 Temple: D:4-7

Shops:
D:4 *

Annotations:
D:3 Terence
D:5 exclusion: yak


Innate Abilities, Weirdness & Mutations

You have an increased reservoir of magic. (+10% MP)
You shall have no god before yourself.
Your divine heritage dramatically boosts your attributes as you level up.


Message History

You kill the water moccasin!
You feel very sick.
Your Spellcasting skill increases to level 5!
Your Conjurations skill increases to level 5!
You have reached level 8!
You sock the centaur!
The centaur is almost dead.
You feel very sick.
The centaur unwields a +0 shortbow.
The centaur barely misses you. The centaur kicks you.
You thump the centaur!
You kill the centaur!
You feel very sick.
You hit something.
You feel very sick. Something hits you. Something shocks you.
* * * LOW HITPOINT WARNING * * *
You hit something.
You feel very sick. Something hits you.
* * * LOW HITPOINT WARNING * * *
Something shocks you.
* * * LOW HITPOINT WARNING * * *
You hit something but do no damage.
You feel sick. Something hits you.
* * * LOW HITPOINT WARNING * * *
Something shocks you.
* * * LOW HITPOINT WARNING * * *
You closely miss something.
* * * LOW HITPOINT WARNING * * *
You feel sick.
You are too berserk!
You are no longer berserk.
You are exhausted.
You feel yourself slow down.
* * * LOW HITPOINT WARNING * * *
You feel sick.
You feel better. Something hits you.
* * * LOW HITPOINT WARNING * * *
Something shocks you.
You die...

#.# ##......##
#.# ##......##
#.# ##......##
..# ##......##
### ##......##
# ##......## #
##......## #
##......## #
#.@....## #
#'#......# #
#)###......
###########
#...###(....
..........#
##....###...
.####.#.#.#####
.#...Y###. .#
#.##.#.>...#
##.##.. .#
#..........# #
# .#
#..#.##.#######


There were no monsters in sight!

Vanquished Creatures
  Pikel (D:5)
  Menkaure (D:4)
  A water moccasin (D:5)
  An ogre (D:4)
  A centaur (D:5)
  3 lemures
  2 scorpions
  2 hounds (D:4)
  Ijyb (D:3)
  3 orc wizards
  4 adders
  A shadow imp (D:5)
  2 ufetubi (D:5)
  3 worms
  A dart slug (D:2)
  9 orcs
  2 bats (D:2)
  7 endoplasms
  6 giant cockroaches
  8 goblins
  6 hobgoblins
  8 kobolds
  3 quokkas
  4 ball pythons
  A frilled lizard (D:1)
  3 rats (D:1)
84 creatures vanquished.

Vanquished Creatures (others)
  361 foxfires
361 creatures vanquished.

Grand Total: 445 creatures vanquished

Notes
Turn   | Place    | Note
-------+----------+-------------------------------------------
     0 | D:1      | kae the Demigod Fire Elementalist began the quest for the
                  | Orb.
     0 | D:1      | Reached XP level 1. HP: 14/14 MP: 5/5
    17 | D:1      | Reached skill level 1 in Conjurations
   220 | D:1      | Reached XP level 2. HP: 20/20 MP: 2/7
  1316 | D:2      | HP: 1/20 [worm (4)]
  1959 | D:2      | Reached XP level 3. HP: 26/26 MP: 7/9
  1962 | D:2      | Learned a level 2 spell: Scorch
  2062 | D:2      | Learned a level 3 spell: Conjure Flame
  2739 | D:3      | Noticed Terence
  2957 | D:3      | Noticed Ijyb
  2960 | D:3      | HP: 1/26 [Ijyb/iceblast (12)]
  2985 | D:3      | Killed Ijyb
  2986 | D:3      | Reached XP level 4. HP: 4/33 MP: 0/10
  3776 | D:4      | Noticed an ogre
  3783 | D:4      | Killed an ogre
  3784 | D:4      | Reached XP level 5. HP: 38/38 MP: 5/12
  4244 | D:4      | Found Diuxzem's General Store.
  4318 | D:4      | Reached XP level 6. HP: 36/45 MP: 7/14
  4443 | D:4      | Noticed Menkaure
  4451 | D:4      | Killed Menkaure
  4769 | D:5      | Entered Level 5 of the Dungeon
  5321 | D:5      | Learned a level 3 spell: Inner Flame
  5410 | D:5      | Reached XP level 7. HP: 21/50 MP: 5/16
  5680 | D:5      | Noticed a yak
  5680 | D:5      | Noticed a yak
  5687 | D:5      | Noticed Pikel
  5701 | D:5      | Killed Pikel
  5702 | D:5      | Reached skill level 5 in Fire Magic
  5875 | D:5      | Reached skill level 5 in Spellcasting
  5875 | D:5      | Reached skill level 5 in Conjurations
  5875 | D:5      | Reached XP level 8. HP: 42/57 MP: 19/19
  5879 | D:5      | HP: 4/85 [something (5)]
  5881 | D:5      | HP: 1/57 [poisoned by a water moccasin]
  5882 | D:5      | Slain by a sky beast

Illustrated notes

Levels and vault maps discovered:
D:1:      psy_arrival_radial02, layout_rooms
D:2:      layout_basic, hellmonk_ecumenical_altar_arch_garden,
          kennysheep_cluttered_room, lemuel_another_geyser
D:3:      layout_rooms, mainiacjoe_overflow_catwalk, uniq_ijyb, uniq_terence
D:4:      layout_cave_pools, nicolae_gozag_cash_rules_everything_around_me,
          old_standard_altar, serial_shops, shop, uniq_menkaure
D:5:      minmay_razor_zed, layout_loops_ring, uniq_pikel

Skill      XL: |  1  2  3  4  5  6  7 |
---------------+----------------------+-----
Conjurations   | 1 2 3 4 5 |  5.2
Spellcasting   | 2 3 4 5 |  5.1
Fire Magic     | 3 4 5 |  5.9
Dodging        | |  1.7
Stealth        | |  1.7

Action                   |  1- 3 |  4- 6 |  7- 9 || total
-------------------------+-------+-------+-------++-------
Melee: Short sword       |     2 |     3 |       ||     5
       Club              |       |     2 |    12 ||    14
 Cast: Foxfire           |   108 |    95 |     4 ||   207
       Scorch            |    10 |    18 |     5 ||    33
       Conjure Flame     |       |       |     1 ||     1
  Use: Scroll            |     7 |     2 |       ||     9
       Potion            |     3 |       |     2 ||     5
Armor: Robe              |     1 |     3 |       ||     4
Dodge: Dodged            |    15 |    54 |     4 ||    73

Table legend: (Time is in decaauts)
 A = Elapsed time spent in this place.
 B = Non-inter-level travel time spent in this place.
 C = Inter-level travel time spent in this place.
 D = Time resting spent in this place.
 E = Time spent auto-exploring this place.
 F = Levels seen in this place.
 G = Mean time per level.
                   A        B        C        D        E       F      G
               +--------+--------+--------+--------+--------+-----+--------+
         Total |   5893 |   5707 |    186 |    769 |   4132 |   5 | 1178.6 |
       Dungeon |   5893 |   5707 |    186 |    769 |   4132 |   5 | 1178.6 |
               +--------+--------+--------+--------+--------+-----+--------+

Top non-repeatable levels by time:
     D:2: 1411 daAuts
     D:1: 1373 daAuts
     D:4: 1116 daAuts
     D:3: 1078 daAuts
     D:5: 913 daAuts
